 Dungeon Crawl Stone Soup version 0.21-a0-591-g2314aa1 (webtiles) character file.

3066 wvc the Grappler (level 9, -7/61 HPs)
             Began as a Demonspawn Wanderer on Dec 22, 2017.
             Was an Initiate of Gozag.
             Mangled by a yak (11 damage)
             ... on level 7 of the Dungeon.
             The game lasted 00:15:44 (9175 turns).

wvc the Grappler (Demonspawn Wanderer)              Turns: 9175, Time: 00:15:45

Health: -7/61      AC: 16    Str: 16    XL:     9   Next: 57%
Magic:  9/9        EV: 13    Int: 16    God:    Gozag
Gold:   462        SH:  0    Dex: 10    Spells: 2/8 levels left

rFire    . . .     SeeInvis .     - Unarmed
rCold    . . .     Gourm    .   (no shield)
rNeg     . . .     Faith    .   e - +0 ring mail
rPois    .         Spirit   .   (no helmet)
rElec    .         Reflect  .   t - +0 cloak
rCorr    .         Harm     .   B - +0 pair of gloves
MR       .....                  (no boots)
Stlth    +.........             (no amulet)
HPRegen  0.20/turn              g - +2 ring of evasion
MPRegen  0.11/turn              (no ring)

@: sanguine armour
A: claws 2, powered by pain 1, sanguine armour 2
a: Potion Petition, Call Merchant, Bribe Branch, Renounce Religion


You were on level 7 of the Dungeon.
You worshipped Gozag.
Gozag was aware of your devotion.
You were hungry.

You visited 1 branch of the dungeon, and saw 7 of its levels.

You collected 462 gold pieces.

Inventory:

Hand Weapons
 a - a +2 shortbow
 c - a +0 mace
Missiles
 b - 132 arrows
 o - 13 poisoned needles
 v - 3 tomahawks of returning (quivered)
Armour
 e - a +0 ring mail (worn)
 t - a +0 cloak (worn)
 B - a +0 pair of gloves (worn)
Jewellery
 g - a +2 ring of evasion (left hand)
 A - an uncursed ring of ice
Scrolls
 i - 4 scrolls of magic mapping
 j - 2 scrolls of fear
 k - 5 scrolls of identify
 l - 2 scrolls of teleportation
 m - a scroll of fog
 n - 2 scrolls of enchant armour
 q - 3 scrolls of remove curse
 r - a scroll of enchant weapon
 w - a scroll of blinking {unknown}
Potions
 d - a potion of resistance
 h - 5 potions of curing
 p - 2 potions of agility
 s - 2 potions of brilliance
 u - 3 potions of berserk rage {unknown}
 x - 2 potions of cancellation {unknown}
 z - 2 potions of haste {unknown}
Comestibles
 f - 8 rations


   Skills:
 - Level 2.1 Fighting
 - Level 2.6 Bows
 - Level 3.1 Armour
 - Level 2.9 Dodging
 - Level 1.0 Stealth
   Level 1.0 Shields
 + Level 11.5 Unarmed Combat


You had 2 spell levels left.
You knew the following spells:

 Your Spells              Type           Power        Failure   Level  Hunger
a - Infusion              Chrm           #...         43%         1    ##.....
b - Song of Slaying       Chrm           #.......     56%         2    ###....
c - Regeneration          Chrm/Necr      #.........   80%         3    ####...


Dungeon Overview and Level Annotations

Branches:
Dungeon (7/15)             Temple (0/1) D:6

Altars:
Ashenzari
Gozag
Hepliaklqana
Nemelex Xobeh
Trog
Vehumet

Annotations:
D:3 , 2 transporters


Innate Abilities, Weirdness & Mutations

You have very sharp fingernails.
You sometimes gain a little power by taking damage.
When seriously injured, your bleeding wounds create thick armour. (AC +9)


Message History

You hit the yak.
The yak is heavily wounded.
The yak closely misses you.
You barely miss the yak.
The yak is heavily wounded.
You hit the yak but do no damage.
The yak is heavily wounded.
The yak gores you!
* * * LOW HITPOINT WARNING * * *
You punch the yak!
The yak is almost dead.
The yak barely misses you.
You closely miss the yak.
The yak is almost dead.
The yak barely misses you.
You hit the yak but do no damage.
The yak is almost dead.
The yak gores you!
You die...
Your body crumbles into a pile of gold.

..........# #..
.....###..# ######
#.. #.######..#
#..... ...
#.........# #..?..
#.## #.#######.#
###'##### #..# .# #.#
#%....#.## #..#
#>#######.#
#%%...'..###..#
#..........
#######...Y@..#
#.#######.# ##.####.#
#.# #.# # ##.####.#
#.# #.# ..
........####.# #.# .#
##...........# #.# .#
#####..####.#######.#
.# #..# #..........
.# # #..# #.#######.#
[##.# #..# #.# #.#


You could see a yak.

Vanquished Creatures
  The ghost of Amnesiac the Frost Mage, a novice DEIE of Vehumet (D:7)
  A human (D:7)
  3 hogs (D:7)
  Duvessa (D:7)
  A water moccasin (D:7)
  2 sky beasts
  An ogre (D:4)
  4 centaurs
  A bullfrog (D:7)
  Dowan (D:7)
  3 killer bees (D:7)
  2 howler monkeys (D:4)
  A crimson imp (D:5)
  A centaur zombie (D:5)
  A bullfrog zombie (D:5)
  A hound (D:7)
  A jelly (D:6)
  4 orc priests
  Crazy Yiuf (D:3)
  5 orc wizards
  Terence (D:1)
  An iguana (D:4)
  7 worker ants
  A hound skeleton (D:4)
  A worker ant zombie (D:6)
  8 adders
  3 gnolls (D:4)
  A shadow imp (D:7)
  3 oozes
  A worm (D:5)
  3 dart slugs
  6 leopard geckos
  31 orcs
  4 giant cockroaches
  8 goblins
  8 hobgoblins
  16 jackals
  3 quokkas
  A ball python (D:3)
  9 bats
  3 frilled lizards
  3 kobolds (D:2)
  2 leopard gecko skeletons
  6 rats
166 creatures vanquished.

Vanquished Creatures (others)
  An orc wizard (D:3)
1 creature vanquished.

Grand Total: 167 creatures vanquished

Notes
Turn   | Place    | Note
-------+----------+-------------------------------------------
     0 | D:1      | wvc the Demonspawn Wanderer began the quest for the Orb.
     0 | D:1      | wvc set off with: a +2 shortbow, 28 arrows, a +0 mace, a scroll of teleportation, a +0 robe, a ration
     0 | D:1      | Reached XP level 1. HP: 16/16 MP: 1/1
   187 | D:1      | Gained mutation: You have sharp fingernails. [demonic ancestry]
   187 | D:1      | Reached XP level 2. HP: 22/22 MP: 2/2
   651 | D:2      | Noticed Terence
   653 | D:2      | Reached skill level 1 in Dodging
   791 | D:1      | Killed Terence
   791 | D:1      | Gained mutation: When seriously injured, your bleeding wounds create armour. (AC +9) [demonic ancestry]
   791 | D:1      | Reached XP level 3. HP: 21/27 MP: 3/3
  1021 | D:2      | Gained mutation: You have very sharp fingernails. [demonic ancestry]
  1021 | D:2      | Reached XP level 4. HP: 32/33 MP: 4/4
  1633 | D:2      | Reached skill level 1 in Unarmed Combat
  1775 | D:3      | Found a runed door.
  2101 | D:3      | Reached skill level 2 in Unarmed Combat
  2109 | D:3      | HP: 1/33 [something/puff of flame (3)]
  2125 | D:3      | Reached XP level 5. HP: 32/38 MP: 5/5
  2704 | D:4      | Reached skill level 3 in Unarmed Combat
  3133 | D:3      | Found a shattered altar of Ashenzari.
  3135 | D:3      | Found a sparkling altar of Nemelex Xobeh.
  3138 | D:3      | Found a transporter.
  3151 | D:3      | Found a transporter.
  3266 | D:3      | Reached XP level 6. HP: 42/44 MP: 6/6
  3445 | D:3      | Reached skill level 4 in Unarmed Combat
  3618 | D:3      | Noticed Crazy Yiuf
  3631 | D:3      | Killed Crazy Yiuf
  4853 | D:4      | Reached skill level 5 in Unarmed Combat
  4948 | D:5      | Entered Level 5 of the Dungeon
  5117 | D:5      | Gained mutation: When seriously injured, your bleeding wounds create thick armour. (AC +9) [demonic ancestry]
  5117 | D:5      | Reached XP level 7. HP: 29/50 MP: 7/7
  5462 | D:4      | Reached skill level 6 in Unarmed Combat
  6077 | D:5      | Reached skill level 7 in Unarmed Combat
  6277 | D:5      | Reached XP level 8. HP: 42/56 MP: 8/8
  6649 | D:5      | Reached skill level 8 in Unarmed Combat
  7086 | D:6      | Found a faded altar of an unknown god.
  7086 | D:6      | Found a bloodstained altar of Trog.
  7091 | D:6      | Found a faded altar of an unknown god.
  7093 | D:6      | Found a hazy altar of Hepliaklqana.
  7095 | D:6      | Found a radiant altar of Vehumet.
  7144 | D:6      | Became a worshipper of Gozag Ym Sagoz the Greedy
  7196 | D:6      | Learned a level 1 spell: Infusion
  7199 | D:6      | Learned a level 2 spell: Song of Slaying
  7203 | D:6      | Learned a level 3 spell: Regeneration
  7231 | D:6      | Found a staircase to the Ecumenical Temple.
  8050 | D:7      | Noticed Dowan
  8052 | D:7      | Noticed Duvessa
  8084 | D:7      | Killed Duvessa
  8088 | D:7      | Reached skill level 9 in Unarmed Combat
  8096 | D:7      | Killed Dowan
  8289 | D:7      | Noticed Amnesiac's ghost (novice DEIE)
  8322 | D:7      | Killed Amnesiac's ghost
  8322 | D:7      | Reached skill level 10 in Unarmed Combat
  8322 | D:7      | Gained mutation: You sometimes gain a little power by taking damage. [demonic ancestry]
  8322 | D:7      | Reached XP level 9. HP: 25/61 MP: 9/9
  9146 | D:7      | Reached skill level 11 in Unarmed Combat
  9175 | D:7      | Mangled by a yak

Vault maps used:
D:1:      ncdulo_watergridlock, serial_bayou_pond_d
D:2:      roderic_serpentine_path, uniq_terence
D:3:      gammafunk_temple_overflow_arena, uniq_crazy_yiuf_cottage
D:4:      minmay_wonky_spiral, kennysheep_generic_room_16
D:5:      first_ration, grunt_ministairs_14
D:6:      chequers_temple_overflow_minitemple, temple_statues
D:7:      enter_bailey_2, hangedman_abyss_or_decor_lesser_grid, nrook_uturn,
          grunt_decor_mini_mirrors, grunt_livestock, uniq_duvessa

Skill      XL: |  1  2  3  4  5  6  7  8  9 |
---------------+----------------------------+-----
Armour         | 3 |  3.1
Dodging        | 2 |  2.9
Unarmed Combat | 2 3 5 7 10 11 | 11.5
Fighting       | |  2.1
Bows           | |  2.6
Stealth        | |  1.0
Shields        | |  1.0

Action                   |  1- 3 |  4- 6 |  7- 9 || total
-------------------------+-------+-------+-------++-------
Melee: Shortbow          |     2 |       |       ||     2
       Unarmed           |       |   303 |   302 ||   605
       Punch             |       |     4 |    10 ||    14
 Fire: Shortbow          |    70 |    30 |       ||   100
Throw: Throwing net      |       |       |     2 ||     2
  Use: Scroll            |     1 |    11 |       ||    12
       Potion            |       |     6 |     3 ||     9
 Stab: Sleeping          |       |     2 |       ||     2
       Distracted        |       |       |     1 ||     1
  Eat: Chunk             |       |    12 |       ||    12
       Ration            |       |     1 |     3 ||     4
Armor: Robe              |     4 |     7 |       ||    11
       Leather armour    |       |    10 |       ||    10
       Ring mail         |       |    60 |    67 ||   127
       Skin              |       |       |    14 ||    14
Dodge: Dodged            |    30 |   169 |   165 ||   364

Table legend:
 A = Spawn XP
 B = Non-spawn XP
 C = Spawn XP percentage of total XP
 D = Spawn monster count
 E = Non-spawn monster count
 F = Spawn count percentage of total count
 G = Total turns spent on level
                    A         B        C        D         E        F      G
               +---------+---------+-------+---------+---------+-------+---------
         Total |       0 |    4380 |   0.0 |       0 |     167 |   0.0 |  9175
               +---------+---------+-------+---------+---------+-------+---------
           D:1 |       0 |      62 |   0.0 |       0 |      16 |   0.0 |   834
           D:2 |       0 |      71 |   0.0 |       0 |      24 |   0.0 |   875
           D:3 |       0 |     279 |   0.0 |       0 |      43 |   0.0 |  2242
           D:4 |       0 |     639 |   0.0 |       0 |      33 |   0.0 |  1902
           D:5 |       0 |     644 |   0.0 |       0 |      16 |   0.0 |  1201
           D:6 |       0 |     137 |   0.0 |       0 |       7 |   0.0 |   984
           D:7 |       0 |    2548 |   0.0 |       0 |      28 |   0.0 |  1137
               +---------+---------+-------+---------+---------+-------+---------
